[Event "Titled Tuesday Blitz July 18 Early 2023"]
[White "Jiang, Andrew"]
[Black "NovoselovRoman"]
[WhiteFideId "30953510"]
[WhiteElo "2393"]
[BlackElo "2571"]
[Result "0-1"]
[Round "7"]
[TimeControl "180+2"]
[Date "2023.07.18"]
[WhiteClock "0:00:03"]
[BlackClock "0:00:11"]
[Board "77"]

1. e4 c6 2. Nf3 d5 3. d3 Bg4 4. h3 Bh5 5. Qe2 e6 6. Nbd2 Bc5 7. g4 Bg6 8. h4 h6 9. Bg2 Nd7 10. e5 h5 11. g5 Ne7 12. b3 Bf5 13. Bb2 Bg4 14. O-O-O Nf5 15. Bh3 Qa5 16. Kb1 Ba3 17. Rdg1 Bxb2 18. Kxb2 Nd4 19. Qe3 Nb5 20. Nb1 d4 21. Nxd4 Nxd4 22. Qxd4 Bxh3 23. Rxh3 Qxe5 24. Qxe5 Nxe5 25. Nd2 Rd8 26. Re3 Ng6 27. Nf3 Ke7 28. d4 Rd5 29. c4 Rf5 30. Rge1 Rd8 31. d5 cxd5 32. cxd5 Rdxd5 33. Rc3 Rd7 34. Kc2 Rf4 35. Rh1 Re4 36. Re3 Rf4 37. Rh2 Rc7+ 38. Kd2 Rd7+ 39. Kc2 Kf8 40. Rc3 Ne7 41. Nd2 Nd5 42. Rc8+ Ke7 43. Nc4 Rc7 44. Rxc7+ Nxc7 45. Kd3 Nd5 46. Ne5 Rf5 47. Nc4 Rf3+ 48. Ke4 Rc3 49. Kd4 Rc2 50. a4 a6 51. Rg2 b5 52. axb5 axb5 53. Ne5 Rb2 54. Rg3 Rxf2 55. Nd3 Rd2 56. Kc5 b4 57. Kc4 Rc2+ 58. Kd4 Rc3 59. Rf3 Rxb3 60. Rf1 Rc3 61. Ne5 f6 62. Ng6+ Kd6 63. gxf6 gxf6 64. Nf4 e5+ 65. Ke4 Nxf4 66. Rd1+ Ke6 67. Rd8 f5# 0-1


[Site "https://www.chess.com"]

[Event "Titled Tuesday Blitz July 18 Early 2023"]
[White "Baskakov, Egor"]
[Black "Li, Hui"]
[WhiteFideId "24197866"]
[BlackFideId "15400310"]
[WhiteElo "2853"]
[BlackElo "2376"]
[Result "1-0"]
[Round "7"]
[TimeControl "180+2"]
[Date "2023.07.18"]
[WhiteClock "0:01:18"]
[BlackClock "0:00:01"]
[Board "78"]

1. e4 e5 2. Nc3 Nf6 3. g3 d5 4. exd5 Nxd5 5. Bg2 Nxc3 6. bxc3 Bd6 7. d3 O-O 8. Ne2 c6 9. O-O Nd7 10. h3 Nf6 11. c4 Re8 12. Be3 Be6 13. Nc3 Qa5 14. Ne4 Nxe4 15. Bxe4 f5 16. Bg2 Bc5 17. Qc1 Rad8 18. a4 h6 19. Kh2 Bxe3 20. Qxe3 b6 21. f4 e4 22. dxe4 Bxc4 23. Rfd1 Rxd1 24. Rxd1 fxe4 25. Rd7 Be6 26. Rc7 Qc5 27. Qxc5 bxc5 28. Bxe4 Bd5 29. Bxd5+ cxd5 30. Rxc5 Re2+ 31. Kg1 Re3 32. Kf2 Ra3 33. a5 d4 34. h4 Kf8 35. Rd5 a6 36. Kg2 Ra2 37. Kh3 Rxc2 38. Rd6 d3 39. Rxa6 d2 40. Rd6 Ra2 41. a6 Ke7 42. Rd3 Rxa6 43. Rxd2 h5 44. Rd5 g6 45. f5 Kf7 46. Kg2 Ra2+ 47. Kf3 gxf5 48. Rd6 Ra1 49. Rh6 Kg7 50. Rxh5 Kg6 51. Rg5+ Kf6 52. Rg8 Rf1+ 53. Kg2 Ra1 54. Rb8 Ra2+ 55. Kh3 Ra1 56. Rb6+ Kg7 57. Kg2 Ra2+ 58. Kf3 Ra4 59. Rc6 Kf7 60. h5 Kg7 61. Kg2 Ra1 62. Rd6 Ra2+ 63. Kh3 Ra1 64. Kh4 Ra4+ 65. Kh3 Ra3 66. Rg6+ Kh7 67. Kh4 Ra4+ 68. Kg5 Ra3 69. Kxf5 Ra5+ 70. Kg4 Ra4+ 71. Kh3 Ra5 72. Kh4 Ra4+ 73. g4 Ra1 74. Rb6 Ra5 75. Rb7+ Kh6 76. g5+ Rxg5 77. Rb6+ 1-0


[Site "https://www.chess.com"]

[Event "Titled Tuesday Blitz July 18 Early 2023"]
[White "Wagh Suyog"]
[Black "Der_Balak_3Halak"]
[WhiteFideId "25071688"]
[WhiteElo "2802"]
[BlackElo "2512"]
[Result "1-0"]
[Round "7"]
[TimeControl "180+2"]
[Date "2023.07.18"]
[WhiteClock "0:01:54"]
[BlackClock "0:00:00"]
[Board "79"]

1. d4 Nf6 2. Bg5 g6 3. Bxf6 exf6 4. e3 f5 5. c4 c6 6. Nc3 Bg7 7. g3 O-O 8. Bg2 a5 9. Nge2 d6 10. O-O Be6 11. b3 Na6 12. Rc1 Nc7 13. Qd2 d5 14. Rfd1 Qe7 15. cxd5 cxd5 16. Nf4 Rfd8 17. Na4 b5 18. Nc5 b4 19. Rc2 Nb5 20. Ne2 Rdc8 21. Qd3 Na3 22. Rcc1 Ra7 23. Nf4 Rac7 24. Bxd5 Rxc5 25. dxc5 Bb2 26. Qa6 Bxc1 27. Bxe6 Rxc5 28. Rd7 Qe8 29. Rxf7 Kh8 30. Qa7 Qg8 31. Qxc5 1-0


[Site "https://www.chess.com"]

[Event "Titled Tuesday Blitz July 18 Early 2023"]
[White "Oro, Faustino"]
[Black "Mathieu, Phileas"]
[WhiteFideId "20000197"]
[BlackFideId "36048410"]
[WhiteElo "2771"]
[BlackElo "2506"]
[Result "1-0"]
[Round "7"]
[TimeControl "180+2"]
[Date "2023.07.18"]
[WhiteClock "0:00:20"]
[BlackClock "0:00:52"]
[Board "80"]

1. e4 e6 2. d4 d5 3. Nd2 dxe4 4. Nxe4 Nd7 5. Nf3 Ngf6 6. Nxf6+ Nxf6 7. Be3 b6 8. Bd3 Bb7 9. O-O Be7 10. c3 O-O 11. h3 h6 12. Qe2 Nd5 13. Bd2 Bd6 14. Ne5 c5 15. Qe4 f5 16. Qe2 cxd4 17. cxd4 Qe7 18. Ng6 Qf7 19. Nxf8 Rxf8 20. Rfe1 Re8 21. Bb5 Re7 22. Rac1 Nf4 23. Bxf4 Bxf4 24. Rc3 Bd6 25. Rec1 e5 26. Bc4 Bd5 27. Bxd5 Qxd5 28. Qc4 Qxc4 29. Rxc4 exd4 30. Rxd4 Bc5 31. Rd2 a5 32. Kf1 Kh7 33. a3 Kg6 34. Re1 Rf7 35. Re6+ Kh7 36. Rd5 f4 37. Ke2 f3+ 38. gxf3 Rf4 39. Re4 Rf6 40. b4 axb4 41. axb4 Bf8 42. f4 Rc6 43. Kf3 Rc3+ 44. Kg2 Rb3 45. Rb5 Bc5 46. Rxc5 bxc5 47. bxc5 Rc3 48. Re5 Kg6 49. f3 Kf6 50. Kg3 Rc2 51. h4 Kf7 52. Rd5 Ke7 53. Kg4 Rg2+ 54. Kf5 g6+ 55. Ke4 Rc2 56. Re5+ Kd7 57. f5 Rc4+ 58. Kd5 Rg4 59. fxg4 1-0


[Site "https://www.chess.com"]

[Event "Titled Tuesday Blitz July 18 Early 2023"]
[White "Mmukka"]
[Black "djokovic74"]
[WhiteElo "2490"]
[BlackElo "2739"]
[Result "0-1"]
[Round "7"]
[TimeControl "180+2"]
[Date "2023.07.18"]
[WhiteClock "0:00:00"]
[BlackClock "0:00:16"]
[Board "81"]

1. e4 e6 2. d4 d5 3. Nc3 Nf6 4. e5 Nfd7 5. f4 c5 6. Nf3 Nc6 7. Be3 Rb8 8. Qd2 Qa5 9. Be2 b5 10. O-O b4 11. Nd1 Ba6 12. Bxa6 Qxa6 13. Bf2 Be7 14. f5 exf5 15. Ne3 cxd4 16. Nxd5 O-O 17. Nxd4 Bc5 18. Nxf5 Bxf2+ 19. Qxf2 Ncxe5 20. Qg3 g6 21. Kh1 Kh8 22. Nh6 Qe6 23. Nf4 Qe7 24. Nh3 f5 25. Ng5 Rf6 26. Qh4 Rbf8 27. Rae1 f4 28. Re4 f3 29. g3 f2 30. Kg2 Nc5 31. Rxe5 Qxe5 32. Nhf7+ R6xf7 33. Nxf7+ Rxf7 34. Qd8+ Kg7 35. h4 Qe4+ 36. Kh2 Ne6 37. Qd2 Nd4 38. Kh3 Qe6+ 39. Kg2 Qe4+ 40. Kh3 h5 41. c3 Qg4+ 42. Kg2 Qf3+ 43. Kh3 Ne2 44. Qg5 Nf4+ 0-1


[Site "https://www.chess.com"]

[Event "Titled Tuesday Blitz July 18 Early 2023"]
[White "Mikhailovsky, Vladimir"]
[Black "Erzhanov, Arman"]
[WhiteFideId "34105414"]
[BlackFideId "4138821"]
[WhiteElo "2725"]
[BlackElo "2488"]
[Result "1-0"]
[Round "7"]
[TimeControl "180+2"]
[Date "2023.07.18"]
[WhiteClock "0:01:55"]
[BlackClock "0:01:50"]
[Board "82"]

1. e4 d6 2. d4 Nf6 3. Nc3 c6 4. Nf3 Bg4 5. Be3 e6 6. Bd3 d5 7. h3 Bxf3 8. Qxf3 dxe4 9. Nxe4 Nxe4 10. Bxe4 Nd7 11. c3 Nf6 12. Bc2 Qd5 13. Qe2 Qxg2 14. O-O-O Qd5 15. Bb3 Qa5 16. Rhg1 O-O-O 17. Bf4 g6 18. Be5 Bg7 19. Qf3 Rd5 20. Bxd5 Qxd5 21. Qf4 Nh5 22. Qxf7 Rf8 23. Qc7# 1-0


[Site "https://www.chess.com"]

[Event "Titled Tuesday Blitz July 18 Early 2023"]
[White "Taboas Rodriguez, Daniel"]
[Black "2KRK1"]
[WhiteFideId "2208466"]
[WhiteElo "2483"]
[BlackElo "2677"]
[Result "1-0"]
[Round "7"]
[TimeControl "180+2"]
[Date "2023.07.18"]
[WhiteClock "0:00:11"]
[BlackClock "0:00:00"]
[Board "83"]

1. d4 d6 2. Nf3 Nf6 3. c4 g6 4. Nc3 Bf5 5. d5 Bg7 6. Nd4 Bd7 7. e4 O-O 8. Be2 e5 9. Nf3 Na6 10. Bg5 h6 11. Bh4 Qe8 12. Nd2 Nh7 13. O-O f5 14. exf5 gxf5 15. Bh5 Qb8 16. Be7 Rc8 17. Bg6 Nf8 18. Qh5 Be8 19. Bxe8 Rxe8 20. Bh4 Qc8 21. Rae1 Qd7 22. f3 Nc5 23. Re2 Nd3 24. g3 Nxb2 25. Rb1 Nd3 26. Rxb7 Reb8 27. Rb1 Rxb1+ 28. Ndxb1 Rb8 29. g4 Nf4 30. Qxf5 Nxe2+ 31. Kf2 Nxc3 32. Nxc3 Rb2+ 33. Ke3 Qxf5 34. gxf5 Rxh2 35. Bd8 Rc2 36. Kd3 Rf2 37. Ke3 Rc2 38. Kd3 Rh2 39. Bxc7 Nd7 40. Bxd6 Rh3 41. Ke3 Bf8 42. Bxf8 Kxf8 43. Ne4 Ke7 44. c5 Nf6 45. d6+ Kf7 46. c6 Rh1 47. c7 Rc1 48. Nxf6 1-0


[Site "https://www.chess.com"]

[Event "Titled Tuesday Blitz July 18 Early 2023"]
[White "Alex_Sahakyan2006"]
[Black "Rodriguez Fontecha, Marcos"]
[BlackFideId "2256576"]
[WhiteElo "2676"]
[BlackElo "2470"]
[Result "0-1"]
[Round "7"]
[TimeControl "180+2"]
[Date "2023.07.18"]
[WhiteClock "0:00:00"]
[BlackClock "0:00:05"]
[Board "84"]

1. e4 e6 2. d4 d5 3. e5 c5 4. c3 Nc6 5. Nf3 Qb6 6. a3 c4 7. Be2 Na5 8. Nbd2 Bd7 9. O-O h6 10. Rb1 O-O-O 11. b3 cxb3 12. c4 dxc4 13. Nxc4 Nxc4 14. Bxc4 Bc6 15. Be3 Qc7 16. Qxb3 Ne7 17. Rfc1 Kb8 18. Bb5 Rd5 19. a4 Ka8 20. Nd2 f6 21. Nc4 Bxb5 22. axb5 Qb8 23. Nb6+ axb6 24. Ra1+ Qa7 25. Rxa7+ Kxa7 26. Qa3+ Kb8 27. exf6 gxf6 28. Bf4+ e5 29. dxe5 Ng6 30. e6+ Nxf4 31. Qe3 Bd6 32. g3 Nh3+ 33. Kg2 Ng5 34. e7 Re8 35. h4 Re5 36. Qd4 Nf7 37. Qxb6 R5xe7 38. Ra1 Bc7 39. Qa7+ Kc8 40. b6 Bb8 41. Rc1+ Kd7 42. Qxb7+ Ke6 43. Qc6+ Nd6 44. Re1+ Kf7 45. Qd5+ Kg7 46. Rxe7+ Rxe7 47. g4 Nf7 48. Qa8 Be5 49. b7 h5 50. b8=Q Bxb8 51. Qxb8 hxg4 52. Qf4 Ne5 0-1


[Site "https://www.chess.com"]

[Event "Titled Tuesday Blitz July 18 Early 2023"]
[White "WindWhistler11"]
[Black "Nagare Kaivalya Sandip"]
[BlackFideId "25957929"]
[WhiteElo "2465"]
[BlackElo "2658"]
[Result "0-1"]
[Round "7"]
[TimeControl "180+2"]
[Date "2023.07.18"]
[WhiteClock "0:00:00"]
[BlackClock "0:00:06"]
[Board "85"]

1. Nf3 d5 2. g3 Nf6 3. c4 d4 4. Bg2 c5 5. e3 Nc6 6. exd4 cxd4 7. O-O e5 8. Nxe5 Nxe5 9. Re1 Bd6 10. f4 d3 11. h3 O-O 12. fxe5 Bc5+ 13. Kh2 Ng4+ 14. hxg4 Qg5 15. Bh3 f5 16. Qf3 Be6 17. Qf4 Qxf4 18. gxf4 fxg4 19. Bg2 Bf2 20. Re3 Rxf4 21. Rxd3 Raf8 22. Bd5 g3+ 23. Kg2 Bxd5+ 24. cxd5 Be1 25. d6 Rf2+ 26. Kg1 Rf1+ 27. Kg2 R1f2+ 28. Kg1 Rh2 29. d7 Bf2+ 30. Kf1 g2+ 31. Ke2 g1=Q 32. Rd5 Bb6+ 33. Kd3 Qf1+ 34. Kc3 Qxc1+ 35. Kb3 Qc6 36. Nc3 Rd8 37. Rd6 Qxd6 38. exd6 Rxd2 39. Re1 Rxd6 40. Re8+ Kf7 41. Ne4 R6xd7 42. Re5 Re7 43. Ng5+ Kf6 0-1


[Site "https://www.chess.com"]

[Event "Titled Tuesday Blitz July 18 Early 2023"]
[White "Nunez V, Gustavo Eduardo"]
[Black "benny_aizenberg"]
[WhiteFideId "4403690"]
[WhiteElo "2457"]
[BlackElo "2642"]
[Result "0-1"]
[Round "7"]
[TimeControl "180+2"]
[Date "2023.07.18"]
[WhiteClock "0:00:04"]
[BlackClock "0:00:16"]
[Board "86"]

1. e4 g5 2. d4 g4 3. Qxg4 d5 4. Qf3 dxe4 5. Qxe4 Nf6 6. Qh4 c5 7. Nf3 Nc6 8. Bb5 Bf5 9. c3 Rg8 10. Qf4 e6 11. O-O Bd6 12. Ne5 Qc7 13. Bxc6+ bxc6 14. Re1 O-O-O 15. Nd2 Ng4 16. Ndc4 f6 17. Nxd6+ Rxd6 18. Nxg4 Rxg4 19. Qf3 Qg7 20. Bf4 Rd5 21. Bg3 h5 22. c4 Rdxd4 23. Qxc6+ Kd8 24. Bc7+ Qxc7 25. Qa8+ Ke7 26. g3 Rd8 27. Qf3 Kf7 28. Re3 h4 29. Rae1 hxg3 30. fxg3 Rh8 31. Ra3 Kg6 32. Rb3 Qd6 33. Rb7 Qd4+ 34. Qf2 Qxf2+ 35. Kxf2 Rxh2+ 36. Kf3 Rxc4 37. Rd1 Bg4+ 38. Ke3 Bxd1 39. Rd7 Re2+ 40. Kf3 Rd2+ 41. Ke3 Rxd7 42. b3 Rc3+ 43. Kf4 Rd4# 0-1


[Site "https://www.chess.com"]

[Event "Titled Tuesday Blitz July 18 Early 2023"]
[White "Galiot, Goran"]
[Black "Bochnicka, Vladimir"]
[WhiteFideId "931560"]
[BlackFideId "14943450"]
[WhiteElo "2641"]
[BlackElo "2457"]
[Result "0-1"]
[Round "7"]
[TimeControl "180+2"]
[Date "2023.07.18"]
[WhiteClock "0:00:11"]
[BlackClock "0:00:20"]
[Board "87"]

1. d4 d5 2. c4 dxc4 3. Nf3 Nf6 4. e3 e6 5. Bxc4 c5 6. O-O a6 7. a4 Nc6 8. Qe2 cxd4 9. Rd1 Be7 10. exd4 O-O 11. Nc3 Nb4 12. Bg5 Bd7 13. Ne5 Bc6 14. Rac1 Bd5 15. Nxd5 Nbxd5 16. Qf3 Rc8 17. Bd3 h6 18. Bh4 Qb6 19. Bxf6 Nxf6 20. Rb1 Rfd8 21. Qe3 Kf8 22. Bf1 Rd5 23. Bc4 Rxe5 24. dxe5 Qxe3 25. fxe3 Rxc4 26. exf6 Bxf6 27. Rd7 Rb4 28. b3 Ke8 29. Rc7 Be5 30. Rc4 Rb6 31. g3 Rd6 32. Rbc1 Rd3 33. Rb4 Rxe3 34. Rxb7 Bc3 35. Kf2 Rd3 36. Ke2 Rd2+ 37. Ke3 Ba5 38. Rc8+ Rd8 39. Rxd8+ Bxd8 40. Kd3 a5 41. Kc4 e5 42. b4 axb4 43. Rxb4 f5 44. Kd5 e4 45. Rb3 Kf7 46. Rb7+ Kf6 47. Ra7 e3 48. Rb7 e2 49. Rb1 Ba5 50. Kc5 e1=Q 51. Rxe1 Bxe1 52. Kb5 Kg5 53. a5 Bxa5 0-1


[Site "https://www.chess.com"]

[Event "Titled Tuesday Blitz July 18 Early 2023"]
[White "Komov, Roman"]
[Black "Arnold, Ken"]
[WhiteFideId "24175714"]
[BlackFideId "2056836"]
[WhiteElo "2632"]
[BlackElo "2453"]
[Result "1-0"]
[Round "7"]
[TimeControl "180+2"]
[Date "2023.07.18"]
[WhiteClock "0:00:28"]
[BlackClock "0:00:24"]
[Board "88"]

1. e3 d5 2. b3 Nf6 3. Bb2 g6 4. Nf3 Bg7 5. c4 O-O 6. cxd5 Nxd5 7. Bxg7 Kxg7 8. d4 b6 9. Be2 Bb7 10. O-O Nd7 11. Nbd2 c5 12. Rc1 Rc8 13. Nc4 N7f6 14. Nce5 cxd4 15. Qxd4 e6 16. Bb5 Qe7 17. Nc6 Bxc6 18. Bxc6 Rfd8 19. Bxd5 Rxc1 20. Rxc1 Rxd5 21. Qb2 Qd6 22. h3 Rd1+ 23. Rxd1 Qxd1+ 24. Kh2 h6 25. Ne5 Qd6 26. f4 h5 27. a4 Qc5 28. Nc4 a6 29. g3 b5 30. axb5 axb5 31. Ne5 h4 32. Ng4 hxg3+ 33. Kxg3 Qe7 34. Qe5 b4 35. h4 Qd8 36. h5 gxh5 37. Qg5+ Kf8 38. Nxf6 Qd2 39. Qc5+ Kg7 40. Nxh5+ Kh7 41. Nf6+ Kg7 42. Ne4 Qe1+ 43. Nf2 Qg1+ 44. Kf3 Qe1 45. Qd4+ f6 46. Qd7+ Kg6 47. Qxe6 1-0


[Site "https://www.chess.com"]

[Event "Titled Tuesday Blitz July 18 Early 2023"]
[White "Borgaonkar Akshay"]
[Black "Namitbir Singh Walia"]
[WhiteFideId "25639110"]
[BlackFideId "35071068"]
[WhiteElo "2622"]
[BlackElo "2451"]
[Result "1-0"]
[Round "7"]
[TimeControl "180+2"]
[Date "2023.07.18"]
[WhiteClock "0:00:31"]
[BlackClock "0:00:02"]
[Board "89"]

1. d4 d5 2. Bf4 Nf6 3. Nc3 Bf5 4. e3 e6 5. Nf3 Be7 6. Ne5 h5 7. Bd3 Bxd3 8. Qxd3 Nbd7 9. h3 Nxe5 10. dxe5 Nd7 11. O-O-O c6 12. g4 Qa5 13. Kb1 O-O-O 14. Rdg1 g6 15. Bg3 Qb4 16. f4 hxg4 17. hxg4 Kb8 18. Be1 Qb6 19. Na4 Qc7 20. Bg3 Qa5 21. Nc3 Bb4 22. Ne2 Nc5 23. Qd1 Ne4 24. c3 Bc5 25. Qd3 Qb6 26. Bh4 Rdg8 27. Nd4 Qc7 28. Qc2 Be7 29. Bxe7 Qxe7 30. g5 Qc7 31. Qg2 Qd8 32. c4 c5 33. Nb5 a6 34. Na3 Rxh1 35. Rxh1 Rh8 36. Rd1 Rh4 37. cxd5 exd5 38. Qxe4 1-0


[Site "https://www.chess.com"]

[Event "Titled Tuesday Blitz July 18 Early 2023"]
[White "Florescu, Codrut-Constantin"]
[Black "Tanmay Jain"]
[WhiteFideId "1202200"]
[BlackFideId "45015481"]
[WhiteElo "2621"]
[BlackElo "2450"]
[Result "1-0"]
[Round "7"]
[TimeControl "180+2"]
[Date "2023.07.18"]
[WhiteClock "0:00:36"]
[BlackClock "0:00:00"]
[Board "90"]

1. d4 Nf6 2. Nf3 e6 3. c4 d5 4. Nc3 Be7 5. Bf4 O-O 6. e3 b6 7. cxd5 exd5 8. Bd3 Bb7 9. h3 c5 10. O-O Nc6 11. Ne5 Bd6 12. Nxc6 Bxc6 13. Bxd6 Qxd6 14. dxc5 bxc5 15. Bb5 Bxb5 16. Nxb5 Qb6 17. a4 a6 18. Nc3 d4 19. exd4 cxd4 20. a5 Qxb2 21. Qxd4 Rac8 22. Rfc1 Rfd8 23. Qe3 Re8 24. Qf3 Ne4 25. Rab1 Qd2 26. Ne2 Rxc1+ 27. Rxc1 Ng5 28. Qe3 Qxe3 29. fxe3 f6 30. Rc6 Rxe3 31. Nd4 Rd3 32. Nf5 g6 33. Nd6 Rd5 34. Rxa6 Kf8 35. Nb7 Ke7 36. Ra7 Kd7 37. a6 Kc6 38. Ra8 Kb6 39. Nd8 Ra5 40. h4 Ne4 41. Rb8+ Kxa6 42. Ne6 Ra1+ 43. Kh2 f5 44. Nf8 Re1 45. Nxh7 Re2 46. Rg8 f4 47. Rxg6+ Kb5 48. Ng5 1-0


[Site "https://www.chess.com"]

[Event "Titled Tuesday Blitz July 18 Early 2023"]
[White "Karthik, Advaith"]
[Black "Mohamed Anees M"]
[WhiteFideId "30946050"]
[BlackFideId "35065815"]
[WhiteElo "2441"]
[BlackElo "2612"]
[Result "0-1"]
[Round "7"]
[TimeControl "180+2"]
[Date "2023.07.18"]
[WhiteClock "0:00:35"]
[BlackClock "0:00:18"]
[Board "91"]

1. d4 d5 2. g3 Nf6 3. Bg2 g6 4. c4 c6 5. Nf3 Bg7 6. O-O O-O 7. b3 a5 8. Nc3 Ne4 9. Bb2 Bf5 10. Nxe4 Bxe4 11. cxd5 Qxd5 12. Rc1 Na6 13. e3 Rfd8 14. Qe2 e6 15. Rfd1 Bf8 16. Ne1 Bxg2 17. Nxg2 Nb4 18. Nf4 Qd7 19. a3 Nd5 20. Nd3 Bg7 21. a4 h5 22. Ba3 Nf6 23. Qf3 Qd5 24. Qxd5 exd5 25. h3 Re8 26. Bd6 Ne4 27. Be5 f6 28. Bc7 Bf8 29. f3 Nd6 30. Bxd6 Bxd6 31. Kf2 Re7 32. Re1 Rae8 33. g4 h4 34. f4 g5 35. Kf3 Re4 36. Nf2 gxf4 37. Nxe4 dxe4+ 38. Ke2 f3+ 39. Kd2 Bb4+ 40. Rc3 Kf7 41. Rg1 Rg8 42. Kc2 Bxc3 43. Kxc3 f5 44. g5 Kg6 45. d5 cxd5 46. Kd4 Rc8 47. Kxd5 Rc3 48. Rb1 Rxe3 49. b4 f2 50. bxa5 Re1 51. Rxb7 f1=Q 0-1


[Site "https://www.chess.com"]

[Event "Titled Tuesday Blitz July 18 Early 2023"]
[White "Ai, Evan"]
[Black "Frolyanov, Dmitry"]
[WhiteFideId "2094770"]
[BlackFideId "4151976"]
[WhiteElo "2445"]
[BlackElo "2601"]
[Result "0-1"]
[Round "7"]
[TimeControl "180+2"]
[Date "2023.07.18"]
[WhiteClock "0:00:06"]
[BlackClock "0:01:01"]
[Board "92"]

1. e4 e5 2. Nf3 Nf6 3. Nxe5 d6 4. Nf3 Nxe4 5. Nc3 Nxc3 6. dxc3 Be7 7. Be3 O-O 8. Qd2 Nd7 9. O-O-O Nf6 10. h3 c5 11. g4 Qa5 12. Kb1 Be6 13. c4 Qb6 14. Bd3 d5 15. cxd5 Nxd5 16. Ne5 Bf6 17. Nc4 Qa6 18. Na3 Qa4 19. Bb5 Qb4 20. Qxb4 cxb4 21. Nc4 a6 22. Bd7 Bxd7 23. Rxd5 Bc6 24. Rhd1 Bxd5 25. Rxd5 Rad8 26. Nd6 Be7 27. Nf5 Bf6 28. Rxd8 Rxd8 29. Kc1 g6 30. Ng3 Bd4 31. Bd2 Bxf2 32. Ne4 Bd4 33. b3 a5 34. Bg5 Re8 35. Nd6 Re2 36. Nb5 Bc3 37. Nxc3 bxc3 38. Kd1 Rh2 39. Bd8 Rd2+ 0-1


[Site "https://www.chess.com"]

[Event "Titled Tuesday Blitz July 18 Early 2023"]
[White "Herman, Daniel"]
[Black "Fiorito, Francisco"]
[WhiteFideId "30935008"]
[BlackFideId "180165"]
[WhiteElo "2439"]
[BlackElo "2597"]
[Result "0-1"]
[Round "7"]
[TimeControl "180+2"]
[Date "2023.07.18"]
[WhiteClock "0:00:00"]
[BlackClock "0:00:32"]
[Board "93"]

1. Nf3 d5 2. e3 Nf6 3. c4 c6 4. Nc3 g6 5. b3 Bg7 6. Bb2 O-O 7. Be2 Bf5 8. d4 Nbd7 9. O-O Re8 10. cxd5 cxd5 11. Ne5 Rc8 12. Bf3 e6 13. Nb5 Nb8 14. Nxa7 Rc2 15. Ba3 Qa5 16. Bc5 Rxc5 17. dxc5 Qxa7 18. Rc1 Nc6 19. Nxc6 bxc6 20. a4 Rb8 21. Be2 Ne4 22. Bd3 Nxc5 23. Bxf5 gxf5 24. Qc2 Nxb3 25. Rb1 Qxa4 26. g3 c5 27. Rfd1 c4 28. Kg2 Qa8 29. Kg1 h6 30. Re1 Rb7 31. Red1 Ra7 32. Qe2 Ra2 33. Qh5 Qa3 34. Qf3 Rb2 35. Rxb2 Qxb2 36. Qh5 c3 0-1


[Site "https://www.chess.com"]

[Event "Titled Tuesday Blitz July 18 Early 2023"]
[White "NicolaiMaxime"]
[Black "LangesNasenhaar"]
[WhiteElo "2596"]
[BlackElo "2439"]
[Result "0-1"]
[Round "7"]
[TimeControl "180+2"]
[Date "2023.07.18"]
[WhiteClock "0:01:11"]
[BlackClock "0:00:16"]
[Board "94"]

1. c4 e6 2. Nc3 d5 3. e3 c5 4. cxd5 exd5 5. Nf3 Nf6 6. d4 c4 7. b3 Bb4 8. Bd2 cxb3 9. axb3 O-O 10. Bd3 Nc6 11. O-O Bg4 12. h3 Bh5 13. Ra4 a5 14. Ne2 Bxf3 15. gxf3 Bxd2 16. Qxd2 Nb4 17. Rfa1 b6 18. Nc3 Rc8 19. Bf1 Qc7 20. Na2 Nc6 21. b4 Qd6 22. bxa5 bxa5 23. Nc1 Nd7 24. Nb3 Nb6 25. R4a2 Nb4 26. Rxa5 Rc2 27. Qe1 Nc4 28. Ra8 h6 29. Nc5 Nd2 30. Rxf8+ Qxf8 31. Rd1 Nxf3+ 32. Kg2 Nxe1+ 33. Rxe1 Rxc5 34. dxc5 Qxc5 35. Be2 Nc6 36. Rd1 Ne5 37. Rd4 Nc6 38. Ra4 d4 39. Bd3 g6 40. Rc4 Qd6 41. e4 Ne5 42. Bf1 Nxc4 43. Bxc4 d3 44. Bxd3 Qxd3 45. h4 Qxe4+ 46. f3 Qf4 47. Kf2 Kg7 48. Kg2 Kf6 49. Kh3 Ke5 50. h5 Kd4 51. hxg6 fxg6 52. Kg2 Ke3 53. Kh3 Qxf3+ 54. Kh4 g5# 0-1


[Site "https://www.chess.com"]

[Event "Titled Tuesday Blitz July 18 Early 2023"]
[White "Devaev, Alexander"]
[Black "Altman, Joshua"]
[WhiteFideId "4169395"]
[BlackFideId "426210"]
[WhiteElo "2439"]
[BlackElo "2591"]
[Result "1-0"]
[Round "7"]
[TimeControl "180+2"]
[Date "2023.07.18"]
[WhiteClock "0:00:53"]
[BlackClock "0:00:04"]
[Board "95"]

1. d4 c5 2. d5 Nf6 3. c4 e6 4. Nc3 exd5 5. cxd5 d6 6. e4 g6 7. Nf3 a6 8. a4 Bg7 9. h3 O-O 10. Bd3 Re8 11. O-O Nbd7 12. Bf4 Qc7 13. Re1 Nh5 14. Bh2 Ne5 15. Be2 Nxf3+ 16. Bxf3 Nf6 17. e5 dxe5 18. d6 Qb6 19. Bxe5 Be6 20. Qd2 Rad8 21. a5 Qa7 22. Ra4 b5 23. axb6 Qxb6 24. Rh4 h5 25. Qf4 Bf5 26. g4 Nd7 27. Nd5 Qb3 28. Ne7+ Kh7 29. Rxh5+ gxh5 30. Qxf5+ Kh8 31. Qxh5# 1-0


[Site "https://www.chess.com"]

[Event "Titled Tuesday Blitz July 18 Early 2023"]
[White "Shishkov, Andrei"]
[Black "Gabdushev, Ruslan"]
[WhiteFideId "4500563"]
[BlackFideId "4137833"]
[WhiteElo "2580"]
[BlackElo "2424"]
[Result "1-0"]
[Round "7"]
[TimeControl "180+2"]
[Date "2023.07.18"]
[WhiteClock "0:00:19"]
[BlackClock "0:00:00"]
[Board "96"]

1. d4 g6 2. e4 Bg7 3. Nf3 d6 4. Bc4 c6 5. O-O b5 6. Bb3 e6 7. a4 b4 8. c3 a5 9. Re1 Ne7 10. Nbd2 d5 11. e5 Nd7 12. c4 Ba6 13. c5 Nf5 14. Bc2 h5 15. Nf1 Qe7 16. Bg5 Qf8 17. Ng3 Nxg3 18. fxg3 Bh6 19. Bd3 Bxd3 20. Qxd3 Bxg5 21. Nxg5 Qh6 22. h4 Nf8 23. Rf1 Ra7 24. Rf4 Nh7 25. Nh3 g5 26. hxg5 Nxg5 27. Rf6 Nxh3+ 28. gxh3 Qg5 29. Raf1 Rg8 30. Kh2 Rg7 31. R1f2 h4 32. g4 Qc1 33. Qd2 Qxd2 34. Rxd2 Ke7 35. Rh6 b3 36. Rd3 Rb7 37. Rxh4 Rb4 38. Rh8 Rxa4 39. Rb8 Rc4 40. Rbxb3 Rc2+ 41. Kg3 Rg8 42. Rb7+ 1-0


[Site "https://www.chess.com"]

[Event "Titled Tuesday Blitz July 18 Early 2023"]
[White "Parpiev, Isaak"]
[Black "Mazurkiewicz, Michal"]
[WhiteFideId "34281576"]
[BlackFideId "1124943"]
[WhiteElo "2579"]
[BlackElo "2421"]
[Result "1-0"]
[Round "7"]
[TimeControl "180+2"]
[Date "2023.07.18"]
[WhiteClock "0:02:15"]
[BlackClock "0:02:10"]
[Board "97"]

1. d4 Nf6 2. c4 e5 3. dxe5 Ng4 4. Nf3 Bc5 5. e3 Nc6 6. Nc3 O-O 7. Be2 Re8 8. O-O a5 9. a3 Ncxe5 10. Nxe5 Nxe5 11. Ne4 Bf8 12. Ng3 Ra6 13. Qc2 Rh6 14. e4 Qh4 15. Bxh6 Qxh6 16. c5 d6 17. cxd6 Bxd6 18. f4 Nc6 19. e5 Nd4 20. Qc4 Be6 21. Qxd4 1-0


[Site "https://www.chess.com"]

[Event "Titled Tuesday Blitz July 18 Early 2023"]
[White "Todorovic, Bojan"]
[Black "Fonseca Manrique, Enrique"]
[WhiteFideId "917087"]
[BlackFideId "5114330"]
[WhiteElo "2433"]
[BlackElo "2577"]
[Result "0-1"]
[Round "7"]
[TimeControl "180+2"]
[Date "2023.07.18"]
[WhiteClock "0:00:00"]
[BlackClock "0:00:19"]
[Board "98"]

1. d4 Nf6 2. c4 c5 3. d5 b5 4. cxb5 a6 5. e3 e6 6. Nc3 Qa5 7. Bd2 axb5 8. Bxb5 Bb7 9. Nf3 Qb6 10. dxe6 fxe6 11. O-O Be7 12. a4 O-O 13. Ne5 Qc7 14. f4 d6 15. Nf3 Nc6 16. Ng5 Qc8 17. Qb3 d5 18. e4 Nd4 19. Qd1 h6 20. e5 hxg5 21. exf6 Rxf6 22. fxg5 Rxf1+ 23. Qxf1 c4 24. Re1 Bc5 25. Kh1 Nf5 26. Bf4 Qf8 27. Be5 Qf7 28. Qf4 Rf8 29. Rf1 d4 30. Ne4 Bxe4 31. Qxe4 Ng3+ 32. hxg3 Qxf1+ 33. Kh2 Qf5 34. Qxf5 Rxf5 35. Bf4 c3 36. bxc3 dxc3 37. Bd3 Rd5 38. Bc4 Kf7 39. a5 Rd4 40. Bb3 Rb4 41. Bc2 Rb2 42. g6+ Kf6 0-1


[Site "https://www.chess.com"]